 Dungeon Crawl Stone Soup version 0.30-a0-1103-g25895a7845 (webtiles) character file.

Game seed: 16396217928184062920

73 Arzdou the Gusty (level 4, -5/33 HPs)
             Began as a Draconian Air Elementalist on Apr 18, 2023.
             Slain by a gnoll bouda
             ... wielding a +0 club
              (7 damage)
             ... on level 3 of the Dungeon.
             The game lasted 00:04:11 (2566 turns).

Arzdou the Gusty (Draconian Air Elementalist)       Turns: 2566, Time: 00:04:12

Health: -5/33      AC:  5    Str: 10    XL:     4   Next: 8%
Magic:  4/7        EV: 12    Int: 17    God:
Gold:   81         SH:  0    Dex: 12    Spells: 2/8 levels left

rFire   . . .      SeeInvis .    i - +0 mace
rCold   . . .      Faith    .    (no shield)
rNeg    . . .      Spirit   .    (body armour unavailable)
rPois   .          Reflect  .    (helmet restricted)
rElec   .          Rampage  .    (no cloak)
rCorr   +                        (no gloves)
Will    .....                    (no boots)
Stlth   ++                       (no amulet)
HPRegen 0.25/turn                b - +4 ring of slaying
MPRegen 0.10/turn                o - ring of resist corrosion

@: weakened
A: AC +5, unfitting armour, cold-blooded
a: no special abilities


You were on level 3 of the Dungeon.
You visited 1 branch of the dungeon, and saw 3 of its levels.

You collected 81 gold pieces.

Inventory:

Hand Weapons
 f - a +0 short sword
 i - a +0 mace (weapon)
Jewellery
 b - a +4 ring of slaying (left hand)
 k - the amulet "Aqaurari" {RegenMP Rampage *Corrode rC+}
   (You found it on level 2 of the Dungeon)

   [amulet of magic regeneration]

   It increases your rate of magic regeneration.
   rC:        It protects you from cold.
   *Corrode:  It may corrode you when you take damage.
   Rampage:   It bestows one free step when moving towards enemies.
 o - a ring of resist corrosion (right hand)
Scrolls
 e - a scroll of immolation {unknown}
 g - 2 scrolls of teleportation {unknown}
 h - 2 scrolls of magic mapping {unknown}
 n - a scroll of vulnerability {unknown}
Potions
 a - 2 potions of magic
 c - a potion of flight {unknown}
 d - a potion of haste {unknown}
 j - a potion of lignification {unknown}
 l - a potion of degeneration {unknown}
 m - a potion of berserk rage {unknown}


   Skills:
 + Level 0.1 Fighting
 + Level 0.1 Maces & Flails
 + Level 2.1 Dodging
 + Level 2.2 Stealth
 + Level 2.5 Spellcasting
 * Level 2.2 Conjurations
 * Level 3.4 Air Magic


You had 2 spell levels left.
You knew the following spells:

 Your Spells              Type           Power      Damage    Failure   Level
a - Shock                 Conj/Air       44%        1d5       6%          1
b - Static Discharge      Conj/Air       22%        2-3/arc   9%          2
c - Swiftness             Air            14%        N/A       13%         3

Your spell library contained the following spells:

 Spells                   Type           Power      Damage    Failure   Level
 Airstrike                Air            7%         2d(1-17)  41%         4


Dungeon Overview and Level Annotations

Branches:
Dungeon (3/15)

Altars:
Gozag
Nemelex Xobeh

Annotations:
D:2 1 runed translucent door, Crazy Yiuf


Innate Abilities, Weirdness & Mutations

Your plain brown scales are hard. (AC +5)
You cannot fit into any form of body armour.
You are cold-blooded and may be slowed by cold attacks.


Message History

Your attacks no longer feel as feeble.
A kobold comes into view. It is wielding a +0 dagger.
Things that are here:
a +0 whip; a +0 dagger The zap hits the kobold.
You kill the kobold!
There is a strange disturbance nearby!
You can't see any susceptible monsters within range! (Use Z to cast anyway.)
Casting: Shock (safe; 6% risk of failure)
Confirm with . or Enter, or press ? or * to list all spells.
You can't see any susceptible monsters within range! (Use Z to cast anyway.)
Casting: Shock (safe; 6% risk of failure)
Confirm with . or Enter, or press ? or * to list all spells.
Aiming: Shock (safe; 6% risk of failure)
Press: ? - help, Shift-Dir - straight line The zap hits something.
Casting: Shock (safe; 6% risk of failure)
Confirm with . or Enter, or press ? or * to list all spells.
You can't see any susceptible monsters within range! (Use Z to cast anyway.)
Casting: Shock (safe; 6% risk of failure)
Confirm with . or Enter, or press ? or * to list all spells.
Aiming: Shock (safe; 6% risk of failure)
Press: ? - help, Shift-Dir - straight line
Casting: Shock (safe; 6% risk of failure)
Confirm with . or Enter, or press ? or * to list all spells.
You can't see any susceptible monsters within range! (Use Z to cast anyway.)
Something hits you!
You miss something. Something hits you.
You hear something call down the wrath of a god upon you.
You feel your attacks grow feeble. Something hits you.
You barely miss something. You tail-slap something. Something hits you.
You hit something but do no damage.
You hear something mumble some strange prayers to a god against you.
You feel as though you will be weak longer.
Something hits you but does no damage. Something hits you!
You miss something. Something hits you!
* * * LOW HITPOINT WARNING * * *
You barely miss something.
Your tail-slap misses something.
Something hits you!
You die...

#..##..........#
##..#######..##.#
~~###
##...#######..####
~~....##.............#
~~.....g.#...........#
~~...~..............)#
~...~~~.######.####.##
~...~~♣♣# #.###...#
~g...~ #.@)..###
~~...~ ###{###.#
~♣~..P #...# #.##
~~.{~~ #.#####..#
~~... #....##### ~....
#....# ~~~..~
###....###
~...P~♣♣###........#
♣~..~♣~..)........##


There were no monsters in sight!

Vanquished Creatures
  2 gnolls (D:3)
  An adder (D:2)
  4 ball pythons
  4 bats
  3 endoplasms
  2 giant cockroaches (D:2)
  2 goblins
  2 hobgoblins (D:1)
  2 jackals (D:2)
  7 kobolds
  2 quokkas
  10 frilled lizards (D:1)
  4 rats
45 creatures vanquished.

Vanquished Creatures (others)
  28 plants
28 creatures vanquished.

Grand Total: 73 creatures vanquished

Notes
Turn   | Place    | Note
-------+----------+-------------------------------------------
     0 | D:1      | Arzdou the Draconian Air Elementalist began the quest for
                  | the Orb.
     0 | D:1      | Reached XP level 1. HP: 14/14 MP: 3/3
   383 | D:1      | Reached XP level 2. HP: 20/20 MP: 0/5
  1142 | D:1      | Found a faded altar of an unknown god.
  1320 | D:2      | Found a sparkling altar of Nemelex Xobeh.
  1333 | D:2      | Identified the amulet "Aqaurari" {RegenMP Rampage *Corrode
                  | rC+}
  1339 | D:2      | Reached XP level 3. HP: 26/26 MP: 3/6
  2004 | D:2      | Learned a level 2 spell: Static Discharge
  2008 | D:2      | Learned a level 3 spell: Swiftness
  2017 | D:2      | Found a runed translucent door.
  2018 | D:2      | Noticed Crazy Yiuf
  2192 | D:3      | Found an opulent altar of Gozag.
  2394 | D:3      | Reached XP level 4. HP: 15/33 MP: 0/7
  2566 | D:3      | Slain by a gnoll bouda

Illustrated notes

Levels and vault maps discovered:
D:1:      roderic_octagonal_star, layout_basic,
          hellmonk_ecumenical_altar_leap_of_faith, minmay_lizard_king
D:2:      layout_loops_ring, basic_altar, uniq_crazy_yiuf_cottage
D:3:      minmay_skewed_foursquare, layout_loops_ring, okawaru_trees_1,
          nicolae_dithmenos_the_darkroom, mainiacjoe_overflow_chevrons,
          serial_bayou, serial_bayou_pond_e, serial_bayou_ford_a,
          serial_bayou_lake_a, serial_bayou_pond_d

Skill      XL: |  1  2  3 |
---------------+----------+-----
Stealth        | 2 |  2.2
Dodging        | 2 |  2.1
Conjurations   | 2 |  2.2
Fighting       | |  0.1
Maces & Flails | |  0.1
Spellcasting   | |  2.5
Air Magic      | |  3.4

Action                     |  1- 3 |  4- 6 || total
---------------------------+-------+-------++-------
  Melee: Mace              |    24 |     5 ||    29
         Short sword       |     5 |       ||     5
         Unarmed           |     3 |       ||     3
         Tailslap          |     2 |     1 ||     3
         Punch             |     1 |       ||     1
   Cast: Shock             |    68 |     8 ||    76
         Static Discharge  |     4 |       ||     4
 Armour: Skin              |    16 |     1 ||    17
  Dodge: Dodged            |    37 |       ||    37

Table legend: (Time is in decaauts)
 A = Elapsed time spent in this place.
 B = Non-inter-level travel time spent in this place.
 C = Inter-level travel time spent in this place.
 D = Time resting spent in this place.
 E = Time spent auto-exploring this place.
 F = Levels seen in this place.
 G = Mean time per level.
                   A        B        C        D        E       F      G
               +--------+--------+--------+--------+--------+-----+--------+
         Total |   2594 |   2504 |     90 |     58 |   2143 |   3 |  864.7 |
       Dungeon |   2594 |   2504 |     90 |     58 |   2143 |   3 |  864.7 |
               +--------+--------+--------+--------+--------+-----+--------+

Top non-repeatable levels by time:
     D:1: 1184 daAuts
     D:2: 877 daAuts
     D:3: 532 daAuts
